CAL (WIN)
DAYTONA TORTUGAS @ TAMPA YANKEES
12/09/2045
 
TOP OF THE 1ST
Daytona Tortugas batting - Pitching for Tampa Yankees : RHP Jason Greene
Pitching: RHP Jason Greene
Batting: LHB Fernando Gomez 0-0: Ball
1-0: Called Strike
1-1: Swinging Strike
1-2: Strikes out swinging
Batting: LHB Matthew Berry 0-0: Foul Ball, location: 2F
0-1: Called Strike
0-2: Ball
1-2: Ball
2-2: Strikes out swinging
Batting: LHB Leo Gomez 0-0: Fly out, F8 (Flyball, 8LM, EV 93.8 MPH)
Top of the 1st over - 0 runs, 0 hits, 0 errors, 0 left on base; Daytona 0 - Tampa 0
BOTTOM OF THE 1ST
Tampa Yankees batting - Pitching for Daytona Tortugas : LHP Suk-jin Sok
Pitching: LHP Suk-jin Sok
Batting: SHB Edwin Dominguez 0-0: Ball
1-0: Ball
2-0: Ball
3-0: Base on Balls
Batting: RHB Tim Osborn 0-0: Called Strike
Edwin Dominguez steals 2nd base
0-1: Ball
1-1: Called Strike
1-2: Foul Ball, location: 2F
1-2: Strikes out swinging
Batting: RHB James Boynton 0-0: Called Strike
0-1: Ball
Wild Pitch!
Edwin Dominguez to third
1-1: 2-RUN HOME RUN (Flyball, 78XD, EV 110.0 MPH), Distance : 421 ft
Batting: RHB Bobby Melillo 0-0: Foul Ball, location: 2F
0-1: SOLO HOME RUN (Flyball, 89XD, EV 103.8 MPH), Distance : 424 ft
Batting: LHB Dan Morris 0-0: Swinging Strike
0-1: Foul Ball, location: 2F
0-2: DOUBLE (Line Drive, 5D, EV 95.6 MPH)
Batting: RHB Jose Tovar 0-0: Ground out 6-3 (Groundball, 4MD, EV 89.4 MPH)
Dan Morris to third
Batting: LHB Jose Lebron 0-0: Ball
1-0: Foul Ball, location: 2F
1-1: Foul Ball, location: 2F
1-2: Foul Ball, location: 2F
1-2: Hit by Pitch
Batting: RHB Larry Martell 0-0: Called Strike
0-1: Called Strike
0-2: Foul Ball, location: 2F
0-2: Ball
1-2: Foul Ball, location: 2F
1-2: SINGLE (Line Drive, 78S, EV 106.9 MPH)
Dan Morris scores
Jose Lebron to second
Runner from 2nd tries for 3rd, OUT! 7-5
Bottom of the 1st over - 4 runs, 4 hits, 0 errors, 1 left on base; Daytona 0 - Tampa 4
TOP OF THE 2ND
Daytona Tortugas batting - Pitching for Tampa Yankees : RHP Jason Greene
Batting: RHB Dusty Pollert 0-0: Ball
1-0: Ball
2-0: Ball
3-0: Called Strike
3-1: Base on Balls
Batting: RHB David Clough 0-0: Ball
Dusty Pollert is caught stealing 2nd base 2-4
1-0: Ball
2-0: Called Strike
2-1: Foul Ball, location: 2F
2-2: Foul Ball, location: 2F
2-2: Ball
3-2: Foul Ball, location: 2F
3-2: Base on Balls
Batting: SHB Bryan Johnston 0-0: Called Strike
0-1: Swinging Strike
0-2: Ball
1-2: Strikes out swinging
Batting: LHB Nick Nino 0-0: Ball
1-0: Ball
2-0: Ground out 4-3 (Groundball, 4MS, EV 61.9 MPH)
Top of the 2nd over - 0 runs, 0 hits, 0 errors, 1 left on base; Daytona 0 - Tampa 4
BOTTOM OF THE 2ND
Tampa Yankees batting - Pitching for Daytona Tortugas : LHP Suk-jin Sok
Batting: RHB Roberto Tena 0-0: Ball
1-0: Ball
2-0: Ground out U3 (Groundball, 3L, EV 82.5 MPH)
Batting: SHB Edwin Dominguez 0-0: Fly out, F7 (Flyball, 7, EV 91.9 MPH)
Batting: RHB Tim Osborn 0-0: Ball
1-0: Called Strike
1-1: Swinging Strike
1-2: Ball
2-2: Fly out, F8 (Flyball, 8RD, EV 90.6 MPH)
Bottom of the 2nd over - 0 runs, 0 hits, 0 errors, 0 left on base; Daytona 0 - Tampa 4
TOP OF THE 3RD
Daytona Tortugas batting - Pitching for Tampa Yankees : RHP Jason Greene
Batting: RHB Yasusaburo Kuwahara 0-0: Called Strike
0-1: Called Strike
0-2: Strikes out swinging
Batting: RHB Tim Walter 0-0: Ball
1-0: Ground out 6-3 (Groundball, 6, EV 78.8 MPH)
Batting: LHB Fernando Gomez 0-0: Ball
1-0: Called Strike
1-1: Ball
2-1: Called Strike
2-2: Strikes out swinging
Top of the 3rd over - 0 runs, 0 hits, 0 errors, 0 left on base; Daytona 0 - Tampa 4
BOTTOM OF THE 3RD
Tampa Yankees batting - Pitching for Daytona Tortugas : LHP Suk-jin Sok
Batting: RHB James Boynton 0-0: Foul Ball, location: 2F
0-1: Foul Ball, location: 2F
0-2: Foul Ball, location: 2F
0-2: Ball
1-2: Ball
2-2: Foul Ball, location: 2F
2-2: Strikes out swinging
Batting: RHB Bobby Melillo 0-0: Ball
1-0: Ball
2-0: SINGLE (Line Drive, 89S, EV 98.1 MPH)
Batting: LHB Dan Morris 0-0: Ball
1-0: Ball
2-0: Ball
3-0: Base on Balls
Bobby Melillo to second
Batting: RHB Jose Tovar 0-0: Ball
1-0: Called Strike
1-1: Ball
2-1: Fly out, F7 (Flyball, 7, EV 91.9 MPH)
Batting: LHB Jose Lebron 0-0: Ball
1-0: Foul Ball, location: 2F
1-1: Swinging Strike
1-2: Ball
2-2: Foul Ball, location: 2F
2-2: Ground out 4-3 (Groundball, 4, EV 103.1 MPH)
Bottom of the 3rd over - 0 runs, 1 hit, 0 errors, 2 left on base; Daytona 0 - Tampa 4
TOP OF THE 4TH
Daytona Tortugas batting - Pitching for Tampa Yankees : RHP Jason Greene
Batting: LHB Matthew Berry 0-0: Ball
1-0: Foul Ball, location: 2F
1-1: SOLO HOME RUN (Flyball, 9D, EV 103.1 MPH), Distance : 383 ft
Batting: LHB Leo Gomez 0-0: Ball
1-0: Ball
2-0: TRIPLE (Flyball, 8LXD, EV 98.1 MPH)
Batting: RHB Dusty Pollert 0-0: Ball
1-0: Swinging Strike
1-1: Swinging Strike
1-2: Foul Ball, location: 2F
1-2: Strikes out swinging
Batting: RHB David Clough 0-0: Called Strike
0-1: Ball
1-1: Ball
2-1: Foul Ball, location: 2F
2-2: Strikes out looking
Batting: SHB Bryan Johnston 0-0: Foul Ball, location: 2F
0-1: Foul Ball, location: 2F
0-2: Foul Ball, location: 2F
0-2: Ball
1-2: Ground out U3 (Groundball, 3, EV 91.9 MPH)
Top of the 4th over - 1 run, 2 hits, 0 errors, 1 left on base; Daytona 1 - Tampa 4
BOTTOM OF THE 4TH
Tampa Yankees batting - Pitching for Daytona Tortugas : LHP Suk-jin Sok
Batting: RHB Larry Martell 0-0: Ball
1-0: Ball
2-0: Ball
3-0: Called Strike
3-1: Base on Balls
Batting: RHB Roberto Tena 0-0: Called Strike
0-1: Fielders Choice at 2nd, 5-4 (Groundball, 5, EV 79.4 MPH)
Batting: SHB Edwin Dominguez 0-0: Foul Ball, location: 2F
0-1: Foul Ball, location: 2F
0-2: Foul Ball, location: 2F
0-2: Foul Ball, location: 2F
0-2: Ball
1-2: Ball
2-2: Ball
3-2: Single, Error in OF, E9, batter to second base (Groundball, 34, EV 94.4 MPH)
Roberto Tena to third
Batting: RHB Tim Osborn 0-0: Ball
1-0: Ball
2-0: SINGLE (Line Drive, 8RS, EV 88.8 MPH)
Roberto Tena scores
Edwin Dominguez to third
Pitching: LHP Keith Egan
Batting: RHB James Boynton 0-0: Called Strike
0-1: Foul Ball, location: 2F
0-2: Fielders Choice at 2nd, 4-6 (Groundball, 34, EV 85.6 MPH)
Edwin Dominguez scores
Batting: RHB Bobby Melillo 0-0: Foul Ball, location: 2F
0-1: Ball
1-1: Ball
James Boynton is caught stealing 2nd base 2-4
Bottom of the 4th over - 2 runs, 2 hits, 1 error, 0 left on base; Daytona 1 - Tampa 6
TOP OF THE 5TH
Daytona Tortugas batting - Pitching for Tampa Yankees : RHP Jason Greene
Batting: LHB Nick Nino 0-0: Called Strike
0-1: Ball
1-1: Swinging Strike
1-2: Foul Ball, location: 2F
1-2: Ball
2-2: Strikes out swinging
Batting: RHB Yasusaburo Kuwahara 0-0: Ball
1-0: Swinging Strike
1-1: Foul Ball, location: 2F
1-2: SINGLE (Line Drive, 6MD, EV 98.8 MPH)
Batting: RHB Tim Walter 0-0: Ball
1-0: Called Strike
1-1: Ball
2-1: Foul Ball, location: 2F
2-2: Ball
3-2: Strikes out swinging
Batting: LHB Fernando Gomez 0-0: Ground out 4-3 (Groundball, 4, EV 93.1 MPH)
Top of the 5th over - 0 runs, 1 hit, 0 errors, 1 left on base; Daytona 1 - Tampa 6
BOTTOM OF THE 5TH
Tampa Yankees batting - Pitching for Daytona Tortugas : LHP Keith Egan
Batting: RHB Bobby Melillo 0-0: Called Strike
0-1: Ball
1-1: Ball
2-1: Ball
3-1: Called Strike
3-2: Foul Ball, location: 2F
3-2: Foul Ball, location: 2F
3-2: Base on Balls
Batting: LHB Dan Morris 0-0: Ball
1-0: Ball
2-0: Called Strike
2-1: Fielders Choice at 2nd, 6-4 (Groundball, 6S, EV 88.1 MPH)
Batting: RHB Jose Tovar 0-0: Ball
1-0: Swinging Strike
1-1: Foul Ball, location: 2F
1-2: Ball
2-2: Strikes out swinging
Batting: LHB Jose Lebron 0-0: Ball
1-0: Ball
2-0: Foul Ball, location: 2F
2-1: Swinging Strike
2-2: Ball
3-2: Base on Balls
Dan Morris to second
Batting: RHB Larry Martell 0-0: Ball
1-0: Ball
2-0: Ball
3-0: Base on Balls
Dan Morris to third
Jose Lebron to second
Batting: RHB Roberto Tena 0-0: Ball
1-0: Foul Ball, location: 2F
1-1: Fly out, F8 (Flyball, 8RD, EV 98.8 MPH)
Bottom of the 5th over - 0 runs, 0 hits, 0 errors, 3 left on base; Daytona 1 - Tampa 6
TOP OF THE 6TH
Daytona Tortugas batting - Pitching for Tampa Yankees : RHP Jason Greene
Batting: LHB Matthew Berry 0-0: Ground out 6-3 (Groundball, 6S, EV 81.9 MPH)
Batting: LHB Leo Gomez 0-0: Called Strike
0-1: Ball
1-1: Foul Ball, location: 2F
1-2: Ball
2-2: Fly out, F8 (Flyball, 8LS, EV 72.5 MPH)
Batting: RHB Dusty Pollert 0-0: Ball
1-0: Called Strike
1-1: Foul Ball, location: 2F
1-2: Strikes out swinging
Top of the 6th over - 0 runs, 0 hits, 0 errors, 0 left on base; Daytona 1 - Tampa 6
BOTTOM OF THE 6TH
Tampa Yankees batting - Pitching for Daytona Tortugas : LHP Keith Egan
Batting: SHB Edwin Dominguez 0-0: Ball
1-0: Ball
2-0: Called Strike
2-1: Ball
3-1: Base on Balls
Batting: RHB Tim Osborn 0-0: Ball
1-0: Ball
2-0: Fielders Choice at 2nd, 1-6 (Groundball, 34S, EV 63.8 MPH)
Batting: RHB James Boynton 0-0: Foul Ball, location: 2F
0-1: Ball
Tim Osborn is caught stealing 2nd base 2-4
1-1: Ball
2-1: Foul Ball, location: 2F
2-2: Foul Ball, location: 2F
2-2: Foul Ball, location: 2F
2-2: Ball
3-2: Fly out, F9 (Flyball, 9LS, EV 96.2 MPH)
Bottom of the 6th over - 0 runs, 0 hits, 0 errors, 0 left on base; Daytona 1 - Tampa 6
TOP OF THE 7TH
Daytona Tortugas batting - Pitching for Tampa Yankees : RHP Jason Greene
Batting: RHB David Clough 0-0: Swinging Strike
0-1: Foul Ball, location: 2F
0-2: Ball
1-2: Strikes out swinging
Batting: SHB Bryan Johnston 0-0: Fly out, F3 (Line Drive, 34, EV 66.2 MPH)
Batting: LHB Nick Nino 0-0: Ball
1-0: Called Strike
1-1: SINGLE (Line Drive, 4M, EV 98.8 MPH)
Pitching: RHP Eddie Aguilar
Batting: RHB Yasusaburo Kuwahara 0-0: Called Strike
0-1: Foul Ball, location: 2F
0-2: Ball
1-2: Foul Ball, location: 2F
1-2: Foul Ball, location: 2F
1-2: Strikes out swinging
Top of the 7th over - 0 runs, 1 hit, 0 errors, 1 left on base; Daytona 1 - Tampa 6
BOTTOM OF THE 7TH
Tampa Yankees batting - Pitching for Daytona Tortugas : LHP Keith Egan
Batting: RHB Bobby Melillo 0-0: Ball
1-0: Ball
2-0: Ball
3-0: Called Strike
3-1: Base on Balls
Pitching: RHP Matt Knowles
Batting: LHB Dan Morris 0-0: Fly out, F7 (Flyball, 7LM, EV 90.6 MPH)
Batting: RHB Jose Tovar 0-0: Reached on error, E1 (Groundball, 15S, EV 64.4 MPH)
Bobby Melillo to second
Batting: LHB Jose Lebron 0-0: Called Strike
Bobby Melillo steals 3rd base
Jose Tovar to second
0-1: Ball
1-1: Ball
2-1: Ground out 6-3 (Groundball, 6MD, EV 102.5 MPH)
Bobby Melillo scores
Jose Tovar to third
Batting: RHB Larry Martell 0-0: Called Strike
0-1: Foul Ball, location: 2F
0-2: Ball
1-2: Ground out 4-3 (Groundball, 4, EV 88.8 MPH)
Bottom of the 7th over - 1 run, 0 hits, 1 error, 1 left on base; Daytona 1 - Tampa 7
TOP OF THE 8TH
Daytona Tortugas batting - Pitching for Tampa Yankees : RHP Eddie Aguilar
Batting: RHB Tim Walter 0-0: Called Strike
0-1: Ball
1-1: Ball
2-1: Swinging Strike
2-2: Foul Ball, location: 2F
2-2: Ball
3-2: Fly out, F4 (Popup, 34, EV 72.5 MPH)
Batting: LHB Fernando Gomez 0-0: Ball
1-0: Swinging Strike
1-1: Ball
2-1: Ground out 6-3 (Groundball, 6MS, EV 87.5 MPH)
Batting: LHB Matthew Berry 0-0: Ball
1-0: Called Strike
1-1: Reached on error, E4 (Groundball, 4, EV 103.1 MPH)
Batting: LHB Leo Gomez 0-0: Foul Ball, location: 2F
0-1: Foul Ball, location: 2F
0-2: Strikes out swinging
Top of the 8th over - 0 runs, 0 hits, 1 error, 1 left on base; Daytona 1 - Tampa 7
BOTTOM OF THE 8TH
Tampa Yankees batting - Pitching for Daytona Tortugas : RHP Matt Knowles
Batting: RHB Roberto Tena 0-0: SINGLE (Groundball, 4M, EV 79.4 MPH) (infield hit)
Batting: SHB Edwin Dominguez 0-0: Called Strike
0-1: Foul Ball, location: 2F
0-2: Foul Ball, location: 2F
0-2: Ball
1-2: Strikes out looking
Batting: RHB Tim Osborn 0-0: Called Strike
0-1: Called Strike
0-2: Ball
1-2: Grounds into double play, 1-4-3 (Groundball, P, EV 58.1 MPH)
Bottom of the 8th over - 0 runs, 1 hit, 0 errors, 0 left on base; Daytona 1 - Tampa 7
TOP OF THE 9TH
Daytona Tortugas batting - Pitching for Tampa Yankees : RHP Eddie Aguilar
Batting: RHB Dusty Pollert 0-0: Ball
1-0: Called Strike
1-1: Swinging Strike
1-2: Ball
2-2: Strikes out swinging
Batting: RHB David Clough 0-0: Ball
1-0: Called Strike
1-1: Ball
2-1: Called Strike
2-2: Ball
3-2: Strikes out swinging
Batting: SHB Bryan Johnston 0-0: Called Strike
0-1: Called Strike
0-2: Foul Ball, location: 2F
0-2: Strikes out swinging
Top of the 9th over - 0 runs, 0 hits, 0 errors, 0 left on base; Daytona 1 - Tampa 7
Wednesday, June 22nd , 2022 - OOTP Baseball 23.4 Build 64